 Dungeon Crawl Stone Soup version 0.27.1-4-g1640c2035a (webtiles) character file.

Game seed: 15442254557986066263

25 snilloc10 the Grasshopper (level 3, -5/32 HPs)
             Began as a Naga Warper on Nov 5, 2021.
             Killed from afar by Sigmund (10 damage)
             ... with a magic dart
             ... on level 1 of the Dungeon.
             The game lasted 00:03:40 (1755 turns).

snilloc10 the Grasshopper (Naga Warper)             Turns: 1755, Time: 00:03:41

Health: -5/32      AC:  2    Str: 14    XL:     3   Next: 6%
Magic:  6/6        EV:  9    Int: 13    God:
Gold:   82         SH:  0    Dex: 10    Spells: 6/6 levels left

rFire    . . .     SeeInvis +   a - +0 spear
rCold    . . .     Faith    .   (no shield)
rNeg     . . .     Spirit   .   b - +0 leather armour
rPois    +         Reflect  .   (no helmet)
rElec    .         Harm     .   (no cloak)
rCorr    .         Rampage  .   (no gloves)
Will     .....                  (no barding)
Stlth    +.........             (no amulet)
HPRegen  0.10/turn              (no ring)
MPRegen  0.10/turn              (no ring)

@: very slow
A: AC +1, large, see invisible, deformed body, poison resistance, slowness 2,
spit poison 1, naga tail 1
a: Spit Poison


You were on level 1 of the Dungeon.
You visited 1 branch of the dungeon, and saw 2 of its levels.

You collected 82 gold pieces.

Inventory:

Hand Weapons
 a - a +0 spear (weapon)
Missiles
 c - 24 poisoned darts
 d - 3 boomerangs of dispersal (quivered)
Armour
 b - a +0 leather armour (worn)
Scrolls
 e - a scroll of amnesia {unknown}


   Skills:
 + Level 2.1 Fighting
 + Level 2.2 Polearms
 + Level 0.8 Throwing
 + Level 1.1 Armour
 + Level 1.9 Dodging
 + Level 2.0 Spellcasting
 + Level 3.5 Translocations


You had 6 spell levels left.
You didn't know any spells.
Your spell library contained the following spells:

 Spells                   Type           Power      Damage    Failure   Level
 Blink                    Tloc           N/A        N/A       11%         2
 Gell's Gravitas          Tloc           5%         N/A       22%         3
 Lesser Beckoning         Tloc           5%         N/A       22%         3
 Teleport Other           Tloc           10%        N/A       22%         3
 Manifold Assault         Tloc           10%        N/A       90%         5


Dungeon Overview and Level Annotations

Branches:
Dungeon (2/15)

Altars:

Annotations:
D:1 Sigmund


Innate Abilities, Weirdness & Mutations

Your serpentine skin is tough. (AC +1)
You have supernaturally acute eyesight. (SInv)
Armour fits poorly on your strangely shaped body.
Your system is resistant to poisons. (rPois)
You cover ground very slowly.
You can spit poison.
You have a snake-like lower body.


Message History

You don't know any spells.
Press: ? - help, Shift-Dir - straight line, f - Sigmund
Aim: Sigmund, wielding a +0 scythe and wearing a +0 robe The splash of poison misses Sigmund.
Sigmund points at you and mumbles some strange words.
The magic dart hits you. Sigmund barely misses you.
There is a stone staircase leading up here.
You see here a +0 dagger.
You barely miss Sigmund.
Sigmund points at you and mumbles some strange words.
You resist with some effort.
You closely miss Sigmund.
Sigmund is suddenly surrounded by pale green light.
Sigmund points at you and mumbles some strange words.
The puff of flame hits you!
You hit Sigmund.
Sigmund is lightly wounded.
Sigmund barely misses you.
You closely miss Sigmund.
Sigmund is lightly wounded.
You have got your breath back.
Sigmund gestures at you while chanting. The puff of flame hits you.
* * * LOW HITPOINT WARNING * * *
You hit Sigmund.
Sigmund is lightly wounded.
Sigmund barely misses you.
You can't go down here!
Unknown command.
You climb upwards.
There is a stone staircase leading down here.
You don't know any spells.
Okay, then.
Unknown command.
Sigmund barely misses you. Sigmund barely misses you.
Sigmund casts a spell at you. The magic dart hits you!
You die...

######........#
.........####.#
.#####...# #.#
.# ##### #.# .#
#.# .## #.#
..### #.# #...#
#.###########
..#.#
#...@..@....#
..#.#
####.####.#.#
##..#
##........##
##.########
#...♣.♣....###
##.......#
#..♣.♣..♣..♣.##
#.#####.#
#.#.♣♣♣♣♣♣†♣♣.##
##.# #.#
#..♣♣♣...♣.♣♣..#
##.## #.#
#..♣♣.♣♣♣..♣♣♣.#
##..# #.#
##♣♣♣).♣♣♣.♣..##


You could see Sigmund.

Vanquished Creatures
  A dart slug (D:1)
  A ball python (D:1)
  An endoplasm (D:1)
  A giant cockroach (D:1)
  5 goblins (D:1)
  4 kobolds
  2 quokkas (D:1)
  4 bats (D:1)
  A frilled lizard (D:1)
  A rat (D:1)
21 creatures vanquished.

Notes
Turn   | Place    | Note
-------+----------+-------------------------------------------
     0 | D:1      | snilloc10 the Naga Warper began the quest for the Orb.
     0 | D:1      | Reached XP level 1. HP: 19/19 MP: 3/3
   496 | D:1      | Reached XP level 2. HP: 20/26 MP: 5/5
   714 | D:1      | Found a faded altar of an unknown god.
   940 | D:1      | Reached skill level 1 in Armour
  1568 | D:1      | Reached XP level 3. HP: 27/32 MP: 6/6
  1737 | D:2      | Noticed Sigmund
  1755 | D:1      | Killed from afar by Sigmund

Illustrated notes

Levels and vault maps discovered:
D:1:      giann_horns, layout_loops_ring, chequers_ecumenical_altar_grove,
          minmay_hexomino_c4
D:2:      layout_rooms, uniq_sigmund, uniq_natasha, uniq_crazy_yiuf_cottage

Skill      XL: |  1  2 |
---------------+-------+-----
Armour         | 1 |  1.1
Fighting       | |  2.1
Polearms       | |  2.2
Throwing       | |  0.8
Dodging        | |  1.9
Spellcasting   | |  2.0
Translocations | |  3.5

Action                   || total
-------------------------++-------
Melee: Spear             ||    90
Throw: Boomerang         ||     2
 Abil: Spit Poison       ||     2
  Use: Scroll            ||     1
Armor: Leather armour    ||    24
Dodge: Dodged            ||    41
